 Dungeon Crawl Stone Soup version 0.29.1-12-g30fa7ad0bf (webtiles) character file.

Game seed: 13440996285525853744

52 Gabide the Trooper (level 4, 0/37 HPs)
             Began as a Formicid Berserker on Dec 18, 2022.
             Was a Believer of Trog.
             Slain by a goblin
             ... wielding a +0 club
             ... led by Robin
              (2 damage)
             ... on level 2 of the Dungeon.
             The game lasted 00:01:14 (1399 turns).

Gabide the Trooper (Formicid Berserker)             Turns: 1399, Time: 00:01:14

Health: 0/37       AC:  5    Str: 23    XL:     4   Next: 8%
Magic:  4/4        EV: 11    Int:  7    God:    Trog [**....]
Gold:   95         SH:  0    Dex: 13    Spells: 3/3 levels left

rFire   + + .      SeeInvis +   a - +0 mace
rCold   + . .      Faith    .   (no shield)
rNeg    . . .      Spirit   .   h - +0 ring mail
rPois   +          Reflect  .   (helmet unavailable)
rElec   +          Harm     .   (no cloak)
rCorr   +          Rampage  .   (no gloves)
Will    .....                   (no boots)
Stlth   +.........              (no amulet)
HPRegen 0.12/turn               b - ring of protection from fire
MPRegen 0.09/turn               (no ring)

@: resistant
A: permanent stasis, dig shafts and tunnels, antennae 3, four strong arms
a: Dig, Shaft Self, Renounce Religion, Trog's Hand


You were on level 2 of the Dungeon.
You worshipped Trog.
Trog was pleased with you.
You visited 1 branch of the dungeon, and saw 2 of its levels.

You collected 95 gold pieces.

Inventory:

Hand Weapons
 a - a +0 mace (weapon)
Armour
 h - a +0 ring mail (worn)
Jewellery
 b - a ring of protection from fire (left hand)
Scrolls
 c - 2 scrolls of vulnerability {unknown}
 d - a scroll of torment {unknown}
 g - a scroll of identify {unknown}
Potions
 f - a potion of flight {unknown}
 i - a potion of ambrosia {unknown}
 j - a potion of heal wounds {unknown}
 k - a potion of attraction {unknown}


   Skills:
 * Level 4.1 Fighting
 * Level 3.7 Maces & Flails
 - Level 2.1 Armour
 + Level 2.2 Dodging


You had 3 spell levels left.
You didn't know any spells.
Your spell library was empty.

Dungeon Overview and Level Annotations

Branches:
Dungeon (2/15)

Altars:

Annotations:
D:2 Robin


Innate Abilities, Weirdness & Mutations

You cannot be hasted, slowed, berserked, paralysed or teleported.
You can dig through walls and to a lower floor.
You have a pair of large antennae on your head. (SInv)
Your four strong arms can wield two-handed weapons with a shield.


Message History

The goblin hits you with a +0 dagger.
You hit the goblin.
You kill the goblin!
Trog accepts your kill.
You sock the goblin!
You kill the goblin!
Trog accepts your kill.
You can now call upon Trog for regeneration and willpower.
Robin roars a battlecry!
The goblins go into a battle-frenzy!
You hear a shout!
Things that are here:
a +0 club; a +0 dagger; a goblin corpse You hit the goblin but do no damage.
The goblin hits you with a +0 dagger. x2
You completely miss the goblin.
The goblin no longer looks unusually strong.
The goblin hits you but does no damage.
Robin roars a battlecry!
The goblin goes into a battle-frenzy!
Robin throws the goblin at you! The goblin closely misses you.
You hit the goblin but do no damage. The goblin completely misses you.
The goblin hits you with a +0 club.
You barely miss the goblin. The goblin hits you with a +0 dagger.
The goblin hits you with a +0 club.
* * * LOW HITPOINT WARNING * * *
You hit the goblin.
The goblin is moderately wounded.
The goblin closely misses you. The goblin hits you with a +0 club.
* * * LOW HITPOINT WARNING * * *
You closely miss the goblin.
The goblin is moderately wounded.
The goblin hits you with a +0 dagger.
* * * LOW HITPOINT WARNING * * *
The goblin hits you with a +0 club.
* * * LOW HITPOINT WARNING * * *
The goblin barely misses you. The goblin misses you.
It was a potion of resistance.
You feel protected. The goblin hits you but does no damage.
The goblin hits you with a +0 club.
You die...

..#######.# #.# #.......
..........# #.# #..#...#
.......>### #.# #......(
..#####.######.####.##....
#.............###.#.
########.###### #.#. #.#
#.#. #########.########.#.
#ggg@g.............#.
#g######.###########. #.#
#.###########. #)#
#.<........... #{#
############## #g# #g# #.#
#.#


You could see Robin and 4 goblins.

Vanquished Creatures
  2 adders (D:2)
  A bat (D:1)
  3 giant cockroaches
  8 goblins
  A hobgoblin (D:1)
  7 jackals
  A quokka (D:2)
  A ball python (D:1)
  3 frilled lizards
  A kobold (D:1)
  2 rats (D:1)
30 creatures vanquished.

Notes
Turn   | Place    | Note
-------+----------+-------------------------------------------
     0 | D:1      | Gabide the Formicid Berserker began the quest for the Orb.
     0 | D:1      | Reached XP level 1. HP: 18/18 MP: 1/1
   141 | D:1      | Found a faded altar of an unknown god.
   149 | D:1      | Reached XP level 2. HP: 21/24 MP: 2/2
   951 | D:2      | Reached XP level 3. HP: 26/30 MP: 3/3
  1183 | D:2      | Reached skill level 4 in Fighting
  1375 | D:2      | Noticed Robin
  1382 | D:2      | Reached XP level 4. HP: 27/37 MP: 4/4
  1389 | D:2      | Reached ** piety under Trog
  1399 | D:2      | Slain by a goblin

Illustrated notes

Levels and vault maps discovered:
D:1:      wander_arrival_fairy_ring, layout_basic,
          ebering_ecumenical_altar_petrified, minmay_misc_feat_chi,
          nicolae_titane
D:2:      layout_loops_ring, minmay_close_crescents, uniq_robin

Skill      XL: |  1  2  3 |
---------------+----------+-----
Dodging        | 2 |  2.2
Fighting       | 4 |  4.1
Maces & Flails | |  3.7
Armour         | |  2.1

Action                   |  1- 3 |  4- 6 || total
-------------------------+-------+-------++-------
Melee: Mace              |    84 |     9 ||    93
  Use: Potion            |       |     1 ||     1
 Stab: Sleeping          |     1 |       ||     1
Armor: Animal skin       |    14 |       ||    14
       Ring mail         |     7 |     3 ||    10
Dodge: Dodged            |    73 |     5 ||    78
